 Dungeon Crawl Stone Soup version 0.15-a0-1253-g15b4f57 (webtiles) character file.

252 Psiweapon the Ruffian (level 5, 0/46 HPs)
             Began as a Troll Transmuter on June 4, 2014.
             Slain by an orc
             ... wielding a +0,+0 mace
              (3 damage)
             ... on Level 4 of the Dungeon.
             The game lasted 00:06:22 (2373 turns).

Psiweapon the Ruffian (Troll Transmuter)            Turns: 2373, Time: 00:06:23

HP   0/46        AC  5     Str 18      XL: 5   Next: 89%
MP   4/4         EV  9     Int 10      God:
Gold 172         SH  0     Dex 10      Spells:  1 memorised,  5 levels left

rFire  . . .     SeeInvis .       - Unarmed
rCold  + . .     Clarity  .     c - +0 robe
rNeg   . . .     rCorr    .     (shield restricted)
rPois  .         rRot     .     (helmet restricted)
rElec  .         Spirit   .     (no cloak)
SustAb .         Warding  .     (gloves unavailable)
rMut   .         Stasis   .     (boots unavailable)
Gourm  +                        (no amulet)
MR     .....                    (no ring)
                                l - ring of protection from cold

@: not resistant to hostile enchantments, very unstealthy
A: unfitting armour, claws 3, fast metabolism 3, gourmand, regeneration 2,
saprovore 2, shaggy fur 1, tough skin 2
a: no special abilities


You were on level 4 of the Dungeon.
You were very full.

You visited 1 branch of the dungeon, and saw 4 of its levels.

You collected 172 gold pieces.

Inventory:

Hand weapons
 y - a +1,+0 whip of venom
Missiles
 b - 12 arrows
 k - 4 needles of paralysis
 q - 16 bolts of penetration
 A - 13 poisoned needles
 B - a throwing net (quivered)
Armour
 c - a +0 robe (worn)
Comestibles
 a - 3 meat rations
 n - 4 bread rations
Scrolls
 e - a scroll of enchant weapon II {unknown}
 f - 2 scrolls of noise {unknown}
 i - 2 scrolls of amnesia {unknown}
 m - a scroll of remove curse {unknown}
 o - a scroll of identify {unknown}
 p - 3 scrolls of magic mapping {unknown}
 r - a scroll of recharging {unknown}
 u - a scroll of teleportation {unknown}
 v - a scroll of immolation {unknown}
 w - a scroll of enchant weapon I {unknown}
Jewellery
 l - a ring of protection from cold (left claw)
 x - an uncursed amulet of warding {unknown}
 C - a +0,+9 ring of slaying {unknown}
Potions
 g - a potion of restore abilities {unknown}
 h - a potion of curing
 j - a potion of haste {unknown}
 s - 2 potions of confusion {unknown}
 t - a potion of paralysis {unknown}
Books
 d - a book of Changes

   Spells                             Type                      Level
   *Beastly Appendage                 Transmutation                1
   Sticks to Snakes                   Transmutation                2
   Spider Form                        Transmutation/Poison         3
   Ice Form                           Ice/Transmutation            4
   Blade Hands                        Transmutation                5
Magical staves
 z - an uncursed staff of poison {unknown}


   Skills:
 - Level 0.7 Fighting
 - Level 1.5 Dodging
 + Level 5.8 Unarmed Combat
 - Level 1.2 Spellcasting
 + Level 2.7 Transmutations


You had 5 spell levels left.
You knew the following spells:

 Your Spells              Type           Power        Failure   Level  Hunger
a - Beastly Appendage     Trmt           #.....       12%         1    ##.....


Dungeon Overview and Level Annotations

Branches:
Dungeon (4/15)
 Temple: D:4-7

Altars:


Innate Abilities, Weirdness & Mutations

You are too large for most types of armour.
You have claws for hands.
Your metabolism is lightning-fast.
You like to eat raw meat.
You heal very quickly.
You can eat rotten meat.
You are covered in fur (AC +1).
You have very tough skin (AC +2).


Message History

The orc barely misses you. The orc hits you with a dagger.
* * * LOW HITPOINT WARNING * * *
The orc hits you with a club.
* * * LOW HITPOINT WARNING * * *
Drink which item? (? for menu, Esc to quit)
You feel better.
It was a potion of curing.
The orc wizard hits you but does no damage.
The orc barely misses you. The orc hits you with a mace.
* * * LOW HITPOINT WARNING * * *
The orc wizard hits you with a dagger.
* * * LOW HITPOINT WARNING * * *
Drink which item? (? for menu, Esc to quit)
You feel better. The orc hits you but does no damage.
The orc wizard hits you but does no damage.
The orc hits you with a dagger.
* * * LOW HITPOINT WARNING * * *
The worm bites you!
* * * LOW HITPOINT WARNING * * *
The orc hits you with a mace.
You die...

... #....#
###....#
........#
.........######
................
.....!..........
...$...woo.......
#..o@........
#..o)........
#...########
#...# #...# #...#
#...# #.<.# #.).#


You could see a worm, an orc wizard (bleeding) and 3 orcs.

Vanquished Creatures
  A phantom (D:4)
  7 adders
  A giant mite (D:2)
  A worm (D:3)
  3 giant geckos
  10 orcs
  3 bats
  3 giant cockroaches
  7 goblins
  4 hobgoblins
  6 jackals
  9 kobolds
  2 ball pythons
  2 giant newts (D:1)
  7 rats
66 creatures vanquished.

Notes
Turn   | Place    | Note
--------------------------------------------------------------
     0 | D:1      | Psiweapon, the Troll Transmuter, began the quest for the Orb.
     0 | D:1      | Reached XP level 1. HP: 18/18 MP: 2/2
   295 | D:1      | Reached XP level 2. HP: 23/26 MP: 1/2
   851 | D:2      | Reached XP level 3. HP: 32/32 MP: 3/3
   883 | D:2      | Reached skill level 4 in Unarmed Combat
  1205 | D:2      | Reached XP level 4. HP: 38/40 MP: 4/4
  1760 | D:4      | Noticed a phantom
  1796 | D:4      | Killed a phantom
  1796 | D:4      | Reached skill level 5 in Unarmed Combat
  1796 | D:4      | Reached XP level 5. HP: 20/46 MP: 4/4
  1854 | D:4      | Noticed an ogre
  2371 | D:4      | HP: 2/46 [orc/club (4)]
  2373 | D:4      | Slain by an orc

Action                   |  1- 3 |  4- 6 || total
-------------------------+-------+-------++-------
Melee: Unarmed           |   102 |   113 ||   215
 Cast: Beastly Appendage |    13 |     2 ||    15
  Use: Potion            |       |     2 ||     2
